 Dungeon Crawl Stone Soup version 0.30-a0-137-gd8773701ce (webtiles) character file.

Game seed: 17707961775964656807

4 jasper the Trooper (level 1, -2/18 HPs)
             Began as a Demonspawn Cinder Acolyte on Sept 22, 2022.
             Was a High Priest of Ignis.
             Frozen to death by an endoplasm (3 damage)
             ... on level 1 of the Dungeon.
             The game lasted 00:00:31 (59 turns).

jasper the Trooper (Demonspawn Cinder Acolyte)        Turns: 59, Time: 00:00:32

Health: -2/18      AC:  9    Str: 14    XL:     1   Next: 58%
Magic:  2/2        EV: 11    Int: 15    God:    Ignis [*****.]
Gold:   10         SH:  0    Dex:  8    Spells: 2/2 levels left

rFire   + . .      SeeInvis .    a - -1 falchion (flame)
rCold   . . .      Faith    .    (no shield)
rNeg    . . .      Spirit   .    b - +0 robe
rPois   .          Reflect  .    (no helmet)
rElec   .          Harm     .    (no cloak)
rCorr   .          Rampage  .    (no gloves)
Will    .....                    (no boots)
Stlth   +.........               (no amulet)
HPRegen 0.06/turn                (no ring)
MPRegen 0.08/turn                (no ring)

@: fiery-armoured
A: no striking features
a: Renounce Religion, Fiery Armour, Foxfire Swarm, Rising Flame


You were on level 1 of the Dungeon.
You worshipped Ignis.
Ignis was extremely pleased with you.
You visited 1 branch of the dungeon, and saw 1 of its levels.

You collected 10 gold pieces.

Inventory:

Hand Weapons
 a - a -1 falchion of flaming (weapon)
Armour
 b - a +0 robe (worn)
Scrolls
 c - a scroll of identify {unknown}


   Skills:
 - Level 3.0 Fighting
 + Level 3.0 Long Blades
 - Level 1.0 Spellcasting
 - Level 2.6 Fire Magic


You had 2 spell levels left.
You didn't know any spells.
Your spell library contained the following spells:

 Spells                   Type           Power      Damage    Failure   Level
 Scorch                   Fire           16%        2d5       12%         2


Dungeon Overview and Level Annotations

Branches:
Dungeon (1/15)

Altars:


Message History

The jackal is heavily wounded.
The foxfire hits the endoplasm.
The endoplasm is lightly wounded.
The foxfire hits the endoplasm.
The endoplasm is almost dead.
The foxfire hits the endoplasm.
You kill the endoplasm!
The jackal bites you. The jackal barely misses you.
You take 3 damage, and have 12/18 hp.
You hit the jackal. You burn the jackal.
The jackal is almost dead.
The foxfire hits the endoplasm.
The endoplasm is severely wounded.
The jackal closely misses you. The endoplasm hits you.
You take 2 damage, and have 10/18 hp.
You slash the jackal! You burn the jackal.
You kill the jackal!
The endoplasm freezes you.
You are frozen.
The jackal bites you.
* * * LOW HITPOINT WARNING * * *
Your Long Blades skill increases to level 3!
You take 6 damage, and have 4/18 hp.
MASSIVE DAMAGE!!
You barely miss the jackal.
A quokka comes into view.
The jackal bites you but does no damage.
The endoplasm freezes you.
You are frozen.
* * * LOW HITPOINT WARNING * * *
You take 3 damage, and have 1/18 hp.
Okay, then.
A protective cloak of flame settles atop you.
The jackal bites you but does no damage.
The jackal is burned by your cloak of flames.
The jackal is almost dead.
The endoplasm barely misses you. The jackal closely misses you.
You hit the jackal. You burn the jackal.
You kill the jackal!
The endoplasm freezes you.
You are frozen.
You die...

. ...... ..r ..# #.
.....##.. ..#.
#.###....h.
....###...#.##..######
.......##...##.S.....#
............##...>...#
......h #...r.......#
......J####.##.......#
.......@†Sr.>........#
....#####†######.....#
. # ♣.♣~~~~#####.# #~
...P..~# #.#
#~♣♣♣.PPP.~### #.# .
#~.♣...P..~#.# #.#
..#♣.......♣♣#.# #.#
#..~...<.......###.###
#.#♣.......♣♣#.#....(#


You could see an endoplasm, a quokka, a jackal and a ball python.

Vanquished Creatures
  A ball python (D:1)
  An endoplasm (D:1)
  2 jackals (D:1)
  A rat (D:1)
5 creatures vanquished.

Vanquished Creatures (others)
  4 foxfires (D:1)
4 creatures vanquished.

Grand Total: 9 creatures vanquished

Notes
Turn   | Place    | Note
-------+----------+-------------------------------------------
     0 | D:1      | jasper the Demonspawn Cinder Acolyte began the quest for
                  | the Orb.
     0 | D:1      | Reached XP level 1. HP: 18/18 MP: 2/2
    59 | D:1      | Frozen to death by an endoplasm

Illustrated notes

Levels and vault maps discovered:
D:1:      ldierk_walled_garden, layout_rooms, ebering_ecumenical_altar_box

Skill      XL: |  1 |
---------------+----+-----
Long Blades    | 3 |  3.0
Fighting       | |  3.0
Spellcasting   | |  1.0
Fire Magic     | |  2.6

Action                   || total
-------------------------++-------
Melee: Falchion          ||     7
Invok: Foxfire Swarm     ||     1
       Fiery Armour      ||     1
Armor: Robe              ||     2
Dodge: Dodged            ||     9

Table legend: (Time is in decaauts)
 A = Elapsed time spent in this place.
 B = Non-inter-level travel time spent in this place.
 C = Inter-level travel time spent in this place.
 D = Time resting spent in this place.
 E = Time spent auto-exploring this place.
 F = Levels seen in this place.
 G = Mean time per level.
                   A        B        C        D        E       F      G
               +--------+--------+--------+--------+--------+-----+--------+
         Total |     59 |     59 |      0 |      0 |     30 |   1 |   59.0 |
       Dungeon |     59 |     59 |      0 |      0 |     30 |   1 |   59.0 |
               +--------+--------+--------+--------+--------+-----+--------+

Top non-repeatable levels by time:
     D:1: 59 daAuts
